 Dungeon Crawl Stone Soup version 0.19.0-19-g8c6edcc (webtiles) character file.

57 mopl the Insei (level 4, 0/35 HPs)
             Began as a Hill Orc Transmuter on Nov 14, 2016.
             Succumbed to an adder's poison
             ... on level 2 of the Dungeon.
             The game lasted 00:05:08 (1710 turns).

mopl the Insei (Hill Orc Transmuter)                Turns: 1710, Time: 00:05:09

Health: 0/35       AC:  3    Str: 12    XL:     4   Next: 0%
Magic:  3/6        EV: 12    Int: 13    God:
Gold:   99         SH:  0    Dex: 12    Spells: 2 memorised, 3 levels left

rFire  . . .     SeeInvis .       - Unarmed
rCold  + . .     Gourm    .     b - +1 robe
rNeg   . . .     Faith    .     (no shield)
rPois  .         Spirit   .     (no helmet)
rElec  .         Reflect  .     (no cloak)
rCorr  .         Harm     .     (no gloves)
MR     .....                    (no boots)
Stlth  +.........               (no amulet)
                                u - ring of protection from cold
                                r - ring of flight

@: lethally poisoned (0 -> -6), very slightly contaminated
A: no striking features
a: Evoke Flight


You were on level 2 of the Dungeon.
You were not hungry.

You visited 1 branch of the dungeon, and saw 2 of its levels.

You collected 99 gold pieces.

Inventory:

Hand Weapons
 k - a +0 hunting sling
 v - a +1 vampiric dagger
Missiles
 a - 52 arrows
 l - 31 stones (quivered)
 m - 3 javelins
 n - 22 sling bullets
 w - 18 poisoned needles
Armour
 b - a +1 robe (worn)
 f - a +0 buckler
Jewellery
 r - a ring of flight (left hand)
 u - a ring of protection from cold (right hand)
Scrolls
 p - 2 scrolls of remove curse
 q - a scroll of recharging
Books
 c - a book of Changes

   Spells                             Type                      Level
   a - Beastly Appendage              Transmutation                1
   b - Sticks to Snakes               Transmutation                2
   c - Spider Form                    Transmutation/Poison         3
   d - Ice Form                       Ice/Transmutation            4
   e - Blade Hands                    Transmutation                5
Comestibles
 d - 3 bread rations
 g - 2 meat rations
 i - 2 slices of pizza
 s - 2 chunks of flesh


   Skills:
 - Level 1.2 Fighting
 - Level 1.5 Dodging
 * Level 4.3 Unarmed Combat
 + Level 1.8 Spellcasting
 + Level 2.1 Transmutations


You had 3 spell levels left.
You knew the following spells:

 Your Spells              Type           Power        Failure   Level  Hunger
a - Beastly Appendage     Tmut           #.....       12%         1    ##.....
w - Sticks to Snakes      Tmut           #.......     17%         2    ###....


Dungeon Overview and Level Annotations

Branches:
Dungeon (2/15)

Altars:
The Shining One


Message History

You aren't carrying any potions.
Unknown command.
Eat one of 3 chunks of flesh? (ye/n/q)
Okay, then.
Wield which item (- for none, * to show all)? (? for menu, Esc to quit)
This weapon is vampiric, and you must be Full or above to equip it.
v - a vampiric dagger Eat one of 3 chunks of flesh? (ye/n/q)
You start eating one of the 3 chunks of flesh.
* * * LOW HITPOINT WARNING * * *
You feel sick.
This raw flesh tastes terrible.
You aren't carrying any potions.
Unknown command.
You start eating one of the 3 bread rations.
Keep eating?
* * * LOW HITPOINT WARNING * * *
You feel sick.
You continue eating. x2
You die...

#.........# #.#
#.#####...#...
#.######### #.# #.#
#####8.. #.# ##+# #.#
##.. #.# ##...## #.# #..
#.#### ###.....###.####
##. #....#
#........##....# ##.
##...####.........####.#
##.. #......#
#......'().(# #...
##...### #...@S.####.#
###... ####..# #.....##
### ##..... ......#
#....## #...... ####[.#
##..## ###..... #.....#
#+# #......# .....##
##...### #.####
########..## #.#
#........## #.#
#.########


You could see a friendly ball python.

Vanquished Creatures
  An adder (D:2)
  2 worms (D:2)
  2 dart slugs
  2 ball pythons
  6 bats
  A giant cockroach (D:1)
  3 goblins (D:1)
  4 hobgoblins
  3 jackals (D:1)
  3 frilled lizards (D:1)
  6 kobolds
  5 rats
38 creatures vanquished.

Notes
Turn   | Place    | Note
-------+----------+-------------------------------------------
     0 | D:1      | mopl the Hill Orc Transmuter began the quest for the Orb.
     0 | D:1      | Reached XP level 1. HP: 16/16 MP: 3/3
   217 | D:1      | Reached XP level 2. HP: 22/23 MP: 4/4
   249 | D:1      | Learned a level 2 spell: Sticks to Snakes
   682 | D:1      | Reached skill level 4 in Unarmed Combat
   722 | D:1      | Reached XP level 3. HP: 24/28 MP: 3/5
   961 | D:1      | Reached skill level 2 in Transmutations
  1531 | D:2      | Found a glowing golden altar of the Shining One.
  1700 | D:2      | Reached XP level 4. HP: 8/35 MP: 2/6
  1708 | D:2      | HP: 1/35 [poisoned by an adder]
  1710 | D:2      | Succumbed to an adder's poison

Skill      XL: |  1  2  3 |
---------------+----------+-----
Unarmed Combat | 4 |  4.3
Transmutations | 2 |  2.1
Fighting       | |  1.2
Dodging        | |  1.5
Spellcasting   | |  1.8

Action                   |  1- 3 |  4- 6 || total
-------------------------+-------+-------++-------
Melee: Unarmed           |   137 |       ||   137
       Headbutt          |     6 |       ||     6
       Kick              |     5 |       ||     5
 Cast: Beastly Appendage |    20 |       ||    20
       Sticks to Snakes  |     4 |       ||     4
  Use: Potion            |     1 |     2 ||     3
       Scroll            |       |     4 ||     4
  Eat: Chunk             |     3 |     1 ||     4
Armor: Robe              |    24 |       ||    24
Dodge: Dodged            |    89 |       ||    89
